| TOP OF THE 1ST |
|
Greeneville Astros batting - Pitching for Detroit (APP) Tigers : RHP Alvaro Patino
|
|
Pitching: RHP Alvaro Patino
|
|
|
Batting: RHB Omar Amaya
|
0-0: Ball 1-0: Ball 2-0: Swinging Strike 2-1: Fly out, F8 (Flyball, 8LD, EV 106.9 MPH)
|
|
Batting: RHB Russ Greer
|
0-0: Ball 1-0: Ball 2-0: Fly out, F3 (Line Drive, 3, EV 66.2 MPH)
|
|
Batting: LHB Daigo Ishii
|
0-0: Ball 1-0: Ball 2-0: Called Strike 2-1: Ball 3-1: Base on Balls
|
|
Batting: RHB Erik Smith
|
0-0: Foul Ball, location: 2F 0-1: Called Strike 0-2: Foul Ball, location: 2F 0-2: Ball 1-2: Ball 2-2: Strikes out swinging
|
| Top of the 1st over - 0 runs, 0 hits, 0 errors, 1 left on base; Greeneville 0 - Detroit (APP) 0 |
| BOTTOM OF THE 1ST |
|
Detroit (APP) Tigers batting - Pitching for Greeneville Astros : RHP Muckle Wildriver
|
|
Pitching: RHP Muckle Wildriver
|
|
|
Batting: LHB Timotheus Young
|
0-0: Called Strike 0-1: Called Strike 0-2: Strikes out looking
|
|
Batting: RHB Yasutaka Yamasaki
|
0-0: Called Strike 0-1: Ball 1-1: Ball 2-1: Ball 3-1: Foul Ball, location: 2F 3-2: Strikes out swinging
|
|
Batting: RHB Norm Wood
|
0-0: Called Strike 0-1: SINGLE (Line Drive, 6MD, EV 97.5 MPH)
|
|
Batting: RHB Jeremiah Washington
|
0-0: Ball 1-0: Called Strike 1-1: Foul Ball, location: 2F 1-2: Ball 2-2: Strikes out looking
|
| Bottom of the 1st over - 0 runs, 1 hit, 0 errors, 1 left on base; Greeneville 0 - Detroit (APP) 0 |
| TOP OF THE 2ND |
|
Greeneville Astros batting - Pitching for Detroit (APP) Tigers : RHP Alvaro Patino
|
|
Batting: RHB Yoshitoshi Mori
|
0-0: Ball 1-0: Called Strike 1-1: SINGLE (Groundball, 34D, EV 101.2 MPH)
|
|
Batting: RHB Keith Goodwin
|
0-0: Ball 1-0: Ball 2-0: Ball 3-0: Called Strike 3-1: Base on Balls Yoshitoshi Mori to second
|
|
Batting: RHB Gabe Allen
|
0-0: Foul Ball, location: 2F 0-1: Grounds into double play, 6-4-3 (Groundball, 6, EV 82.5 MPH) Yoshitoshi Mori to third
|
|
Batting: SHB Miguel Sierra
|
0-0: Fly out, F7 (Flyball, 7LS, EV 83.8 MPH)
|
| Top of the 2nd over - 0 runs, 1 hit, 0 errors, 1 left on base; Greeneville 0 - Detroit (APP) 0 |
| BOTTOM OF THE 2ND |
|
Detroit (APP) Tigers batting - Pitching for Greeneville Astros : RHP Muckle Wildriver
|
|
Batting: LHB Afanasy Zasekin
|
0-0: Foul Ball, location: 2F 0-1: Ball 1-1: Ball 2-1: Foul Ball, location: 2F 2-2: Foul Ball, location: 2F 2-2: Ball 3-2: SINGLE (Groundball, 3D, EV 98.8 MPH)
|
|
Batting: LHB Isao Fukui
|
0-0: Called Strike 0-1: Swinging Strike 0-2: Strikes out swinging
|
|
Batting: RHB Juan Acero
|
0-0: Grounds into double play, 5-4-3 (Groundball, 5, EV 93.8 MPH)
|
| Bottom of the 2nd over - 0 runs, 1 hit, 0 errors, 0 left on base; Greeneville 0 - Detroit (APP) 0 |
| TOP OF THE 3RD |
|
Greeneville Astros batting - Pitching for Detroit (APP) Tigers : RHP Alvaro Patino
|
|
Batting: RHB Roger Pelley
|
0-0: Ball 1-0: Foul Ball, location: 2F 1-1: Foul Ball, location: 2F 1-2: Strikes out swinging
|
|
Batting: RHB Omar Amaya
|
0-0: Ball 1-0: Swinging Strike 1-1: Ball 2-1: Ball 3-1: Base on Balls
|
|
Batting: RHB Russ Greer
|
0-0: Swinging Strike 0-1: Ball 1-1: Foul Ball, location: 2F 1-2: Ball 2-2: Ball 3-2: Base on Balls Omar Amaya to second
|
|
Batting: LHB Daigo Ishii
|
0-0: Foul Ball, location: 2F 0-1: Ball 1-1: Ball 2-1: Ball 3-1: Base on Balls Omar Amaya to third Russ Greer to second
|
|
Batting: RHB Erik Smith
|
0-0: Called Strike 0-1: Ball 1-1: Ball 2-1: Called Strike 2-2: Foul Ball, location: 2F 2-2: Ball 3-2: Foul Ball, location: 2F 3-2: Base on Balls Omar Amaya scores Russ Greer to third Daigo Ishii to second
|
|
Pitching: RHP Matt Haberle
|
|
|
Batting: RHB Yoshitoshi Mori
|
0-0: Called Strike 0-1: Ball 1-1: Foul Ball, location: 2F 1-2: Strikes out swinging
|
|
Batting: RHB Keith Goodwin
|
0-0: Ball 1-0: SINGLE (Line Drive, 6M, EV 95.0 MPH) Russ Greer scores Daigo Ishii to third Erik Smith to second Runner from 3rd tries for Home, SAFE, throw by CF to home
|
|
Batting: RHB Gabe Allen
|
0-0: Ball 1-0: Called Strike 1-1: Called Strike 1-2: Strikes out swinging
|
| Top of the 3rd over - 3 runs, 1 hit, 0 errors, 2 left on base; Greeneville 3 - Detroit (APP) 0 |
| BOTTOM OF THE 3RD |
|
Detroit (APP) Tigers batting - Pitching for Greeneville Astros : RHP Muckle Wildriver
|
|
Batting: RHB Adam Fisher
|
0-0: Ball 1-0: Called Strike 1-1: Swinging Strike 1-2: Ball 2-2: Fly out, F1 (Line Drive, P, EV 67.5 MPH)
|
|
Batting: RHB Yankel Pensak
|
0-0: Called Strike 0-1: Fly out, F8 (Flyball, 89D, EV 102.5 MPH)
|
|
Batting: LHB Timotheus Young
|
0-0: Ball 1-0: Ball 2-0: Called Strike 2-1: Called Strike 2-2: Ball 3-2: Strikes out swinging
|
| Bottom of the 3rd over - 0 runs, 0 hits, 0 errors, 0 left on base; Greeneville 3 - Detroit (APP) 0 |
| TOP OF THE 4TH |
|
Greeneville Astros batting - Pitching for Detroit (APP) Tigers : RHP Matt Haberle
|
|
Batting: SHB Miguel Sierra
|
0-0: Reached on error, E5 (Groundball, 5, EV 90.6 MPH)
|
|
Batting: RHB Roger Pelley
|
0-0: Ball 1-0: Ball 2-0: Ball 3-0: Called Strike 3-1: Base on Balls Miguel Sierra to second
|
|
Batting: RHB Omar Amaya
|
0-0: Foul Ball, location: 2F 0-1: Ball 1-1: Called Strike 1-2: Ball 2-2: Ball 3-2: Base on Balls Miguel Sierra to third Roger Pelley to second
|
|
Pitching: RHP Alex Amparo
|
|
|
Batting: RHB Russ Greer
|
0-0: Called Strike 0-1: Swinging Strike 0-2: Grounds into double play, 6-4-3 (Groundball, 6, EV 80.0 MPH) Miguel Sierra scores Roger Pelley to third
|
|
Batting: LHB Daigo Ishii
|
0-0: Called Strike 0-1: Ball 1-1: Foul Ball, location: 2F 1-2: Ball 2-2: Strikes out swinging
|
| Top of the 4th over - 1 run, 0 hits, 1 error, 1 left on base; Greeneville 4 - Detroit (APP) 0 |
| BOTTOM OF THE 4TH |
|
Detroit (APP) Tigers batting - Pitching for Greeneville Astros : RHP Muckle Wildriver
|
|
Batting: RHB Yasutaka Yamasaki
|
0-0: Ball 1-0: Swinging Strike 1-1: Swinging Strike 1-2: Strikes out swinging
|
|
Batting: RHB Norm Wood
|
0-0: Swinging Strike 0-1: Swinging Strike 0-2: Strikes out swinging
|
|
Batting: RHB Jeremiah Washington
|
0-0: Ground out 6-3 (Groundball, 6, EV 101.2 MPH)
|
| Bottom of the 4th over - 0 runs, 0 hits, 0 errors, 0 left on base; Greeneville 4 - Detroit (APP) 0 |
| TOP OF THE 5TH |
|
Greeneville Astros batting - Pitching for Detroit (APP) Tigers : RHP Alex Amparo
|
|
Batting: RHB Erik Smith
|
0-0: Ball 1-0: Foul Ball, location: 2F 1-1: Ground out 5-3 (Groundball, 5L, EV 93.8 MPH)
|
|
Batting: RHB Yoshitoshi Mori
|
0-0: Ball 1-0: Ball 2-0: Ball 3-0: Called Strike 3-1: Base on Balls
|
|
Batting: RHB Keith Goodwin
|
0-0: Ball 1-0: Called Strike 1-1: Ball 2-1: DOUBLE (Groundball, 3L, EV 102.5 MPH) Yoshitoshi Mori to third Runner from 3rd tries for Home, SAFE, no throw by RF
|
|
Pitching: RHP Bert Hernandez
|
|
|
Batting: RHB Gabe Allen
|
0-0: Called Strike 0-1: Ball 1-1: Ball 2-1: Foul Ball, location: 2F 2-2: Strikes out swinging
|
|
Batting: SHB Miguel Sierra
|
0-0: Ground out U3 (Groundball, 3S, EV 67.5 MPH)
|
| Top of the 5th over - 1 run, 1 hit, 0 errors, 1 left on base; Greeneville 5 - Detroit (APP) 0 |
| BOTTOM OF THE 5TH |
|
Detroit (APP) Tigers batting - Pitching for Greeneville Astros : RHP Muckle Wildriver
|
|
Batting: LHB Afanasy Zasekin
|
0-0: Ball 1-0: Swinging Strike 1-1: Ball 2-1: Ball 3-1: Base on Balls
|
|
Batting: LHB Isao Fukui
|
0-0: Called Strike 0-1: Foul Ball, location: 2F 0-2: Ball 1-2: Foul Ball, location: 2F 1-2: Ball 2-2: Foul Ball, location: 2F 2-2: Foul Ball, location: 2F 2-2: Ball 3-2: Base on Balls Afanasy Zasekin to second
|
|
Batting: RHB Juan Acero
|
0-0: Foul Ball, location: 2F 0-1: Foul Ball, location: 2F 0-2: Ball 1-2: Fielders Choice at 2nd, 5-4 (Groundball, 5, EV 105.0 MPH) Afanasy Zasekin to third
|
|
Batting: RHB Adam Fisher
|
0-0: Ball 1-0: Ball 2-0: Ball 3-0: Called Strike 3-1: Called Strike 3-2: Base on Balls Juan Acero to second
|
|
Batting: RHB Yankel Pensak
|
0-0: Ball 1-0: Foul Ball, location: 2F 1-1: Swinging Strike 1-2: Strikes out swinging
|
|
Batting: LHB Timotheus Young
|
0-0: SINGLE (Groundball, 4MD, EV 105.0 MPH) Afanasy Zasekin scores Juan Acero to third Adam Fisher to second Runner from 3rd tries for Home, throw by CF and OUT! 8-2
|
| Bottom of the 5th over - 1 run, 1 hit, 0 errors, 2 left on base; Greeneville 5 - Detroit (APP) 1 |
| TOP OF THE 6TH |
|
Greeneville Astros batting - Pitching for Detroit (APP) Tigers : RHP Bert Hernandez
|
|
Batting: RHB Roger Pelley
|
0-0: Ground out 4-3 (Groundball, 4, EV 88.8 MPH)
|
|
Batting: RHB Omar Amaya
|
0-0: Ball 1-0: Swinging Strike 1-1: Foul Ball, location: 2F 1-2: Foul Ball, location: 2F 1-2: Ball 2-2: Strikes out swinging
|
|
Batting: RHB Russ Greer
|
0-0: Swinging Strike 0-1: Foul Ball, location: 2F 0-2: Ball 1-2: Ball 2-2: Ground out 6-3 (Groundball, 6, EV 91.2 MPH)
|
| Top of the 6th over - 0 runs, 0 hits, 0 errors, 0 left on base; Greeneville 5 - Detroit (APP) 1 |
| BOTTOM OF THE 6TH |
|
Detroit (APP) Tigers batting - Pitching for Greeneville Astros : RHP Muckle Wildriver
|
|
Batting: RHB Yasutaka Yamasaki
|
0-0: SOLO HOME RUN (Flyball, 8LXD, EV 106.2 MPH), Distance : 430 ft
|
|
Batting: RHB Norm Wood
|
0-0: Ball 1-0: SINGLE (Line Drive, 6D, EV 110.0 MPH)
|
|
Pitching: RHP Matt Doherty
|
|
|
Batting: RHB Jeremiah Washington
|
0-0: Called Strike Norm Wood steals 2nd base 0-1: Ball 1-1: Ball 2-1: Ball 3-1: Base on Balls
|
|
Batting: LHB Afanasy Zasekin
|
0-0: Foul Ball, location: 2F 0-1: Ball 1-1: Swinging Strike 1-2: Strikes out looking
|
|
Batting: LHB Isao Fukui
|
0-0: Ball 1-0: Grounds into double play, 4-6-3 (Groundball, 34, EV 86.9 MPH)
|
| Bottom of the 6th over - 1 run, 2 hits, 0 errors, 1 left on base; Greeneville 5 - Detroit (APP) 2 |
| TOP OF THE 7TH |
|
Greeneville Astros batting - Pitching for Detroit (APP) Tigers : RHP Bert Hernandez
|
|
Batting: LHB Daigo Ishii
|
0-0: Ball 1-0: Ball 2-0: Ball 3-0: Called Strike 3-1: Base on Balls
|
|
Batting: RHB Erik Smith
|
0-0: Ball 1-0: Ball 2-0: Called Strike 2-1: DOUBLE (Line Drive, 7LM, EV 96.9 MPH) Daigo Ishii to third Runner from 3rd tries for Home, SAFE, no throw by LF
|
|
Batting: RHB Yoshitoshi Mori
|
0-0: Ball 1-0: Ball 2-0: Called Strike 2-1: Foul Ball, location: 2F 2-2: Ball 3-2: Base on Balls
|
|
Batting: RHB Keith Goodwin
|
0-0: Ball 1-0: Ball 2-0: Ball 3-0: Base on Balls Erik Smith to third Yoshitoshi Mori to second
|
|
Batting: RHB Gabe Allen
|
0-0: Ball 1-0: Ball 2-0: Ball 3-0: Called Strike 3-1: Base on Balls Erik Smith scores Yoshitoshi Mori to third Keith Goodwin to second
|
|
Batting: SHB Miguel Sierra
|
0-0: Ball 1-0: Foul Ball, location: 2F 1-1: DOUBLE (Groundball, 3L, EV 101.2 MPH) Yoshitoshi Mori scores Keith Goodwin scores Gabe Allen to third
|
|
Batting: RHB Roger Pelley
|
0-0: Foul Ball, location: 2F 0-1: 3-RUN HOME RUN (Line Drive, 78XD, EV 103.1 MPH), Distance : 415 ft
|
|
Pitching: RHP Nate Dabney
|
|
|
Batting: RHB Omar Amaya
|
0-0: Ball 1-0: Called Strike 1-1: Called Strike 1-2: Ground out 6-3 (Groundball, 6, EV 108.1 MPH)
|
|
Batting: RHB Russ Greer
|
0-0: Called Strike 0-1: Foul Ball, location: 2F 0-2: Hit by Pitch
|
|
Batting: LHB Daigo Ishii
|
0-0: Ball 1-0: Ball 2-0: Called Strike 2-1: Fly out, F8 (Flyball, 8LD, EV 101.2 MPH)
|
|
Batting: RHB Erik Smith
|
0-0: Called Strike 0-1: Ball 1-1: Fly out, F8 (Flyball, 89S, EV 87.5 MPH)
|
| Top of the 7th over - 7 runs, 3 hits, 0 errors, 1 left on base; Greeneville 12 - Detroit (APP) 2 |
| BOTTOM OF THE 7TH |
|
Detroit (APP) Tigers batting - Pitching for Greeneville Astros : RHP Matt Doherty
|
|
Batting: RHB Juan Acero
|
0-0: Called Strike 0-1: Ball 1-1: Ball 2-1: Ball 3-1: Foul Ball, location: 2F 3-2: Base on Balls
|
|
Batting: RHB Adam Fisher
|
0-0: Ball 1-0: SINGLE (Flyball, 34D, EV 93.1 MPH) Juan Acero to second
|
|
Batting: RHB Yankel Pensak
|
0-0: Ball 1-0: Ball 2-0: Ball 3-0: Called Strike 3-1: Fly out, F7 (Flyball, 7D, EV 108.1 MPH)
|
|
Pinch Hitting: SHB Jean-Luc Legros
|
0-0: Ball 1-0: Called Strike 1-1: Ball 2-1: Foul Ball, location: 2F 2-2: SINGLE (Groundball, 4S, EV 71.2 MPH) (infield hit) Juan Acero to third Adam Fisher to second
|
|
Batting: RHB Yasutaka Yamasaki
|
0-0: Foul Ball, location: 2F 0-1: Foul Ball, location: 2F 0-2: Fly out, F9 (Flyball, 9D, EV 104.4 MPH) Runner from 3rd tags up, SCORES, no throw by RF
|
|
Batting: RHB Norm Wood
|
0-0: Called Strike 0-1: Ball 1-1: Foul Ball, location: 2F 1-2: Ball 2-2: Foul Ball, location: 2F 2-2: Ball 3-2: Foul Ball, location: 2F 3-2: Strikes out swinging
|
| Bottom of the 7th over - 1 run, 2 hits, 0 errors, 2 left on base; Greeneville 12 - Detroit (APP) 3 |
| TOP OF THE 8TH |
|
Greeneville Astros batting - Pitching for Detroit (APP) Tigers : RHP Nate Dabney
|
|
Now at 1B: Jean-Luc Legros
|
|
|
Now in CF: Isao Fukui
|
|
|
Batting: RHB Yoshitoshi Mori
|
0-0: Ball 1-0: Called Strike 1-1: Called Strike 1-2: Ball 2-2: Foul Ball, location: 2F 2-2: Fly out, F3 (Popup, 3L, EV 64.4 MPH)
|
|
Batting: RHB Keith Goodwin
|
0-0: Called Strike 0-1: Ball 1-1: DOUBLE (Line Drive, 9LM, EV 103.8 MPH)
|
|
Batting: RHB Gabe Allen
|
0-0: Ball 1-0: Swinging Strike 1-1: Ball 2-1: Swinging Strike 2-2: Strikes out looking
|
|
Batting: SHB Miguel Sierra
|
0-0: Ball 1-0: Ball 2-0: Called Strike 2-1: Ball 3-1: Base on Balls
|
|
Batting: RHB Roger Pelley
|
0-0: Called Strike 0-1: Ball 1-1: Swinging Strike 1-2: Foul Ball, location: 2F 1-2: Foul Ball, location: 2F 1-2: Strikes out swinging
|
| Top of the 8th over - 0 runs, 1 hit, 0 errors, 2 left on base; Greeneville 12 - Detroit (APP) 3 |
| BOTTOM OF THE 8TH |
|
Detroit (APP) Tigers batting - Pitching for Greeneville Astros : RHP Matt Doherty
|
|
Batting: RHB Jeremiah Washington
|
0-0: Called Strike 0-1: Fly out, F7 (Flyball, 7D, EV 93.1 MPH)
|
|
Batting: LHB Afanasy Zasekin
|
0-0: Foul Ball, location: 2F 0-1: Foul Ball, location: 2F 0-2: Foul Ball, location: 2F 0-2: SOLO HOME RUN (Flyball, 9D, EV 96.9 MPH), Distance : 374 ft
|
|
Batting: LHB Isao Fukui
|
0-0: Ground out 4-3 (Groundball, 4, EV 85.6 MPH)
|
|
Batting: RHB Juan Acero
|
0-0: Ball 1-0: Ball 2-0: Called Strike 2-1: Ground out 6-3 (Groundball, 6S, EV 80.6 MPH)
|
| Bottom of the 8th over - 1 run, 1 hit, 0 errors, 0 left on base; Greeneville 12 - Detroit (APP) 4 |
| TOP OF THE 9TH |
|
Greeneville Astros batting - Pitching for Detroit (APP) Tigers : RHP Nate Dabney
|
|
Batting: RHB Omar Amaya
|
0-0: Called Strike 0-1: Fly out, F8 (Flyball, 8RS, EV 91.9 MPH)
|
|
Batting: RHB Russ Greer
|
0-0: SOLO HOME RUN (Flyball, 7LD, EV 92.5 MPH), Distance : 343 ft
|
|
Batting: LHB Daigo Ishii
|
0-0: Ball 1-0: Ball 2-0: Ball 3-0: Base on Balls
|
|
Batting: RHB Erik Smith
|
0-0: Called Strike 0-1: Ball 1-1: Foul Ball, location: 2F 1-2: Ball 2-2: Strikes out looking
|
|
Batting: RHB Yoshitoshi Mori
|
0-0: Ball 1-0: Called Strike 1-1: Foul Ball, location: 2F 1-2: SINGLE (Groundball, 6MD, EV 97.5 MPH) Daigo Ishii to second Runner from 2nd tries for 3rd, SAFE, no throw by CF
|
|
Batting: RHB Keith Goodwin
|
0-0: Called Strike 0-1: Foul Ball, location: 2F 0-2: Ball 1-2: Ball 2-2: Hit by Pitch Yoshitoshi Mori to second
|
|
Batting: RHB Gabe Allen
|
0-0: SINGLE (Groundball, 6MD, EV 103.8 MPH) Daigo Ishii scores Yoshitoshi Mori to third Keith Goodwin to second Runner from 3rd tries for Home, SAFE, throw by CF to home Keith Goodwin to third Gabe Allen to second
|
|
Pitching: RHP Tokugoro Adachi
|
|
|
Batting: SHB Miguel Sierra
|
0-0: Called Strike 0-1: Ball 1-1: Ball 2-1: Ground out 6-3 (Groundball, 6D, EV 106.2 MPH)
|
| Top of the 9th over - 3 runs, 3 hits, 0 errors, 2 left on base; Greeneville 15 - Detroit (APP) 4 |
| BOTTOM OF THE 9TH |
|
Detroit (APP) Tigers batting - Pitching for Greeneville Astros : RHP Matt Doherty
|
|
Pitching: RHP Max Warburton
|
|
|
Batting: RHB Tony Soto
|
0-0: Swinging Strike 0-1: Foul Ball, location: 2F 0-2: Ball 1-2: Ball 2-2: Ground out 6-3 (Groundball, 6, EV 81.9 MPH)
|
|
Pinch Hitting: RHB Jose Evangelista
|
0-0: Ground out 6-3 (Groundball, 6, EV 98.1 MPH)
|
|
Batting: SHB Jean-Luc Legros
|
0-0: Ball 1-0: Fly out, F8 (Flyball, 8RM, EV 92.5 MPH)
|
| Bottom of the 9th over - 0 runs, 0 hits, 0 errors, 0 left on base; Greeneville 15 - Detroit (APP) 4 |
|